 Dungeon Crawl Stone Soup version 0.29.1-15-g9cfb28693d (webtiles) character file.

Game seed: 6802831704466310093

71 javelincjr the Magician (level 4, -5/32 HPs)
             Began as a Djinni Conjurer on Mar 20, 2023.
             Was a Follower of Zin.
             Blown up by Ijyb (7 damage)
             ... with a mindburst bolt
             ... on level 3 of the Dungeon.
             The game lasted 00:06:28 (2955 turns).

javelincjr the Magician (Djinni Conjurer)           Turns: 2955, Time: 00:06:28

Health: -5/32      AC:  2    Str:  8    XL:     4   Next: 47%
Gold:   65         EV: 12    Int: 26    God:    Zin [*.....] SH:  5 Dex: 11

rFire   + + .      SeeInvis +   b - +0 dagger (vamp)
rCold   x . .      Faith    .   (no shield)
rNeg    . . .      Spirit   .   a - +0 robe
rPois   ∞          Reflect  +   (no helmet)
rElec   .          Harm     .   (no cloak)
rCorr   .          Rampage  .   (no gloves)
Will    .....                   (boots unavailable)
Stlth   ++........              o - amulet of reflection
HPRegen 0.10/turn               j - ring of see invisible
MPRegen 0.00/turn               l - +6 ring of intelligence

@: flying
A: sickness immunity, fire resistance 2, cold vulnerability 1, float, innate
caster, HP casting, extra vitality 1
a: Renounce Religion, Recite, Donate Gold


You were on level 3 of the Dungeon.
You worshipped Zin.
Zin was aware of your devotion.
You visited 1 branch of the dungeon, and saw 3 of its levels.

You collected 72 gold pieces.
You donated 7 gold pieces to Zin.

Inventory:

Hand Weapons
 b - a +0 vampiric dagger (weapon)
Armour
 a - a +0 robe (worn)
Jewellery
 j - a ring of see invisible (left hand)
 l - a +6 ring of intelligence (right hand)
 o - an amulet of reflection (around neck)
Scrolls
 f - 2 scrolls of poison {unknown}
 g - 2 scrolls of blinking {unknown}
 h - a scroll of magic mapping {unknown}
 i - 4 scrolls of identify {unknown}
 n - a scroll of teleportation {unknown}
Potions
 c - 2 potions of heal wounds {unknown}
 d - a potion of degeneration {unknown}
 e - 2 potions of curing {unknown}
 k - 2 potions of haste {unknown}
 m - a potion of brilliance {unknown}


   Skills:
 * Level 1.3 Fighting
 + Level 1.0 Armour
 + Level 3.1 Dodging
 - Level 2.1 Stealth
 + Level 3.6 Spellcasting


You couldn't memorise any spells.
You knew the following spells:

 Your Spells              Type           Power      Damage    Failure   Level
a - Magic Dart            Conj           92%        1d7       1%          1
b - Searing Ray           Conj           46%        2d6       3%          2
c - Dazzling Flash        Conj/Hex       46%        N/A       6%          3
d - Fulminant Prism       Conj/Hex       11%        3d9       21%         4
e - Iskenderun's Mystic   Conj/Tloc      23%        2d6       21%         4
f - Foxfire               Conj/Fire      92%        2x1d8     1%          1
Your spell library was empty.

Dungeon Overview and Level Annotations

Branches:
Dungeon (3/15)

Altars:
Uskayaw
Zin

Annotations:
D:3 Ijyb


Innate Abilities, Weirdness & Mutations

You are immune to sickness and miasma.
You are immune to poison.
Your flesh is very heat resistant. (rF++)
You are vulnerable to cold. (rC-)
You float through the air rather than walking.
You learn spells naturally, not from books.
Your magical power is your life essence.
You have superior vitality. (+4 MHP)


Message History

Aiming: Magic Dart (safe; 1% risk of failure)
Press: ? - help, Shift-Dir - straight line, f/p - Ijyb
Aim: Ijyb, wielding a +7 club, wearing a +0 chain mail and carrying a wand of mindburst (8) (100% to hit)
The magic dart hits Ijyb.
Ijyb is lightly wounded.
Casting: Magic Dart (safe; 1% risk of failure)
Confirm with . or Enter, or press ? or * to list all spells.
Aiming: Searing Ray (safe; 3% risk of failure)
Press: ? - help, Shift-Dir - straight line, f/p - Ijyb
Aim: Ijyb, wielding a +7 club, wearing a +0 chain mail and carrying a wand of mindburst (8) (lightly wounded, 78% to hit)
The searing ray hits Ijyb.
Ijyb is lightly wounded. (Press . to maintain the ray.) Ijyb zaps a wand.
You barely resist.
The searing ray hits Ijyb but does no damage.
Ijyb is lightly wounded.
Ijyb zaps a wand.
Your mind is blasted!
* * * LOW HITPOINT WARNING * * *
The searing ray hits Ijyb but does no damage.
Ijyb is lightly wounded.
* * * LOW HITPOINT WARNING * * *
The searing ray hits Ijyb.
Ijyb is moderately wounded.
* * * LOW HITPOINT WARNING * * *
You finish channelling your searing ray.
Casting: Searing Ray (safe; 3% risk of failure)
Confirm with . or Enter, or press ? or * to list all spells.
Aiming: Searing Ray (safe; 3% risk of failure)
Press: ? - help, Shift-Dir - straight line, f/p - Ijyb
Aim: Ijyb, wielding a +7 club, wearing a +0 chain mail and carrying a wand of mindburst (6) (moderately wounded, 78% to hit)
The searing ray hits Ijyb.
Ijyb is moderately wounded. (Press . to maintain the ray.)
* * * LOW HITPOINT WARNING * * *
Ijyb screams, "Me very upset!"
The searing ray hits Ijyb.
Ijyb is heavily wounded.
* * * LOW HITPOINT WARNING * * *
Ijyb zaps a wand.
Your mind is blasted!
You die...

#..... #....#### #.......
#....#(. #....#.##
#....#...
########+###+######...##.#.
.........................#.
.........g@...........####.
......................# #>
.###############.###### #.
#.# ## #.# #.# #.# ..#


You could see Ijyb.

Vanquished Creatures
  An adder (D:3)
  2 dart slugs (D:3)
  9 ball pythons
  7 endoplasms
  2 giant cockroaches
  6 goblins
  2 hobgoblins
  2 quokkas (D:1)
  6 bats
  2 frilled lizards (D:3)
  11 kobolds
  6 rats
56 creatures vanquished.

Notes
Turn   | Place    | Note
-------+----------+-------------------------------------------
     0 | D:1      | javelincjr the Djinni Conjurer began the quest for the Orb.
     0 | D:1      | javelincjr set off with the following spells memorised:
                  | Magic Dart, Searing Ray, Dazzling Flash, Fulminant Prism,
                  | Iskenderun's Mystic Blast.
     0 | D:1      | Reached XP level 1. HP: 15/15 MP: 0/0
   308 | D:1      | Reached XP level 2. HP: 18/21 MP: 0/0
   595 | D:1      | Found a faded altar of an unknown god.
   605 | D:1      | Prayed at the altar of an unknown god.
   605 | D:1      | Became a worshipper of Zin the Law-Giver
   605 | D:1      | Reached * piety under Zin
  1017 | D:1      | Reached XP level 3. HP: 15/25 MP: 0/0
  1017 | D:1      | Learned a level 1 spell: Foxfire
  2467 | D:2      | Found a hide-covered altar of Uskayaw.
  2642 | D:3      | Reached XP level 4. HP: 8/31 MP: 0/0
  2657 | D:3      | Reached skill level 1 in Fighting
  2783 | D:3      | Reached skill level 1 in Armour
  2942 | D:3      | Noticed Ijyb
  2955 | D:3      | Blown up by Ijyb

Illustrated notes

Levels and vault maps discovered:
D:1:      grunt_arrival_crossed_arrows, layout_loops_corners,
          nicolae_ecumenical_snake_handling
D:2:      layout_basic, basic_altar
D:3:      layout_basic, portal_sewer_entry_e, st_stairs_7,
          minmay_increasing_density, uniq_ijyb, uniq_crazy_yiuf_cottage

Skill      XL: |  1  2  3  4 |
---------------+-------------+-----
Stealth        | 2 |  2.1
Dodging        | 3 |  3.1
Fighting       | 1 |  1.3
Armour         | 1 |  1.0
Spellcasting   | |  3.6

Action                   |  1- 3 |  4- 6 || total
-------------------------+-------+-------++-------
 Cast: Magic Dart        |    91 |    17 ||   108
       Searing Ray       |       |     4 ||     4
Armor: Robe              |     4 |     1 ||     5
Dodge: Dodged            |    11 |     3 ||    14
